 Dungeon Crawl Stone Soup version 0.22-a0-409-gb855193d78 (webtiles) character file.

3294 Kriby the Cleaver (level 9, -7/127 HPs)
             Began as a Minotaur Berserker on May 11, 2018.
             Was a Priest of Trog.
             Mangled by a two-headed ogre
             ... wielding a cursed -3 giant club
              (16 damage)
             ... on level 8 of the Dungeon.
             The game lasted 00:03:53 (5960 turns).

Kriby the Cleaver (Minotaur Berserker)              Turns: 5960, Time: 00:03:53

Health: -7/127     AC:  7    Str: 30    XL:     9   Next: 69%
Magic:  8/8        EV: 12    Int:  4    God:    Trog [***...]
Gold:   267        SH:  0    Dex: 10    Spells: 8/8 levels left

rFire    . . .     SeeInvis .   h - +0 war axe
rCold    . . .     Gourm    .   (no shield)
rNeg     . . .     Faith    .   M - +0 ring mail
rPois    .         Spirit   .   (helmet restricted)
rElec    .         Reflect  .   u - scarf {cloud immunity}
rCorr    .         Harm     .   (no gloves)
MR       .....                  (no boots)
Stlth    ..........             r - amulet of regeneration
HPRegen  0.71/turn              (no ring)
MPRegen  0.11/turn              (no ring)

@: berserking, very quick
A: retaliatory headbutt, horns 2
a: Berserk, Trog's Hand, Renounce Religion


You were on level 8 of the Dungeon.
You worshipped Trog.
Trog was most pleased with you.
You were hungry.

You visited 1 branch of the dungeon, and saw 8 of its levels.

You collected 267 gold pieces.

Inventory:

Hand Weapons
 a - a +0 hand axe
 h - a +0 war axe (weapon)
 v - a +0 lajatang
Armour
 b - a +0 animal skin
 u - a scarf of cloud immunity (worn)
 M - a +0 ring mail (worn)
Jewellery
 l - an uncursed ring of fire
 r - an amulet of regeneration (around neck)
 t - an uncursed amulet of guardian spirit
 y - an uncursed ring of protection from cold {unknown}
 A - an uncursed ring of fire
 D - an uncursed amulet of the gourmand {unknown}
 I - a +6 ring of intelligence {unknown}
 N - a cursed ring of resist corrosion {unknown}
Wands
 f - a wand of polymorph (33)
 i - a wand of random effects (28)
 m - a wand of clouds (6)
 q - a wand of disintegration (49)
 O - a wand of paralysis (11)
Scrolls
 e - 4 scrolls of identify {unknown}
 g - 2 scrolls of blinking {unknown}
 k - 2 scrolls of magic mapping {unknown}
 p - a scroll of noise {unknown}
 s - 2 scrolls of remove curse {unknown}
 w - a scroll of random uselessness {unknown}
 z - a scroll of fog {unknown}
 E - a scroll of enchant armour {unknown}
 G - a scroll of summoning {unknown}
 K - a scroll of enchant weapon {unknown}
Potions
 d - a potion of brilliance {unknown}
 j - 2 potions of flight {unknown}
 n - a potion of heal wounds {unknown}
 o - a potion of lignification {unknown}
 x - 2 potions of haste {unknown}
 B - a potion of mutation {unknown}
 C - a potion of magic {unknown}
 F - a potion of invisibility {unknown}
 J - a potion of curing
 L - a potion of degeneration {unknown}
Comestibles
 c - 6 rations
 H - 2 chunks of flesh


   Skills:
 + Level 10.0 Fighting
 + Level 10.1 Axes
 + Level 9.7 Armour
 - Level 3.0 Dodging


You had 8 spell levels left.
You didn't know any spells.

Dungeon Overview and Level Annotations

Branches:
Dungeon (8/15)             Temple (0/1) D:7
   Lair: D:8-11

Altars:
Fedhas
Zin
The Shining One


Innate Abilities, Weirdness & Mutations

You reflexively headbutt those who attack you in melee.
You have a pair of horns on your head.


Message History

The two-headed ogre hits you with a giant spiked club.
The two-headed ogre hits you with a giant club!
The two-headed ogre misses you.
You are too injured to fight recklessly!
You are too injured to fight recklessly!
You are too injured to fight recklessly!
You are too injured to fight recklessly!
You barely miss the two-headed ogre.
The two-headed ogre is severely wounded.
You hit the two-headed ogre. You slash the two-headed ogre!
Your headbutt misses the two-headed ogre.
The two-headed ogre is almost dead.
You hit the two-headed ogre. The two-headed ogre barely misses you.
The two-headed ogre hits you with a giant club!!
* * * LOW HITPOINT WARNING * * *
The two-headed ogre hits you with a giant club!!
* * * LOW HITPOINT WARNING * * *
The two-headed ogre hits you with a giant spiked club!
You die...

######## ##......#
##..###..## ##...# ##..#
###..### #..### ####...##
#....### ###.....##
#.....># ....#.^.#
#@.#...# ###.#รท..#
#..YOO......#
....#...#...#.5#.........
.######.# ...##W.........
....#.....#...
#..#...#### ###.#.##..###
#.<##..# #.#.# #..# ...#
#.# #...# #..# #... .#
##.## #..


You could see 2 two-headed ogres, a phantom, a sky beast and a shadow imp.

Vanquished Creatures
  A two-headed ogre (D:8)
  Grinder (D:3)
  A hippogriff (D:8)
  Menkaure (D:4)
  A water moccasin (D:6)
  2 sky beasts
  2 ice beasts (D:6)
  An ogre (D:5)
  A centaur (D:6)
  5 bullfrogs
  Blork the orc (D:5)
  2 scorpions (D:4)
  A howler monkey (D:6)
  2 crimson imps
  3 hounds
  4 jellies
  6 orc wizards (D:5)
  2 orc priests (D:5)
  Jessica (D:3)
  Ijyb (D:3)
  An iguana (D:7)
  8 worker ants
  A hound zombie (D:7)
  A worker ant zombie (D:7)
  7 adders
  8 gnolls
  A shadow imp (D:6)
  An adder zombie (D:5)
  A dart slug (D:1)
  2 worms
  3 leopard geckos (D:6)
  9 orcs
  A ball python (D:5)
  3 bats
  2 giant cockroaches
  4 goblins (D:3)
  A hobgoblin (D:3)
  7 jackals
  3 quokkas
  2 frilled lizards
  5 kobolds
  A quokka skeleton (D:5)
  2 rats
113 creatures vanquished.

Notes
Turn   | Place    | Note
-------+----------+-------------------------------------------
     0 | D:1      | Kriby the Minotaur Berserker began the quest for the Orb.
     0 | D:1      | Reached XP level 1. HP: 19/19 MP: 0/0
   134 | D:2      | Reached XP level 2. HP: 24/27 MP: 1/1
   184 | D:2      | Found a glowing golden altar of the Shining One.
   218 | D:2      | Reached XP level 3. HP: 33/33 MP: 2/2
   338 | D:3      | Noticed Jessica
   406 | D:3      | Killed Jessica
   636 | D:3      | Reached XP level 4. HP: 38/41 MP: 3/3
   798 | D:3      | Reached ** piety under Trog
   997 | D:3      | Noticed Grinder
  1009 | D:3      | Killed Grinder
  1009 | D:3      | Reached skill level 5 in Fighting
  1009 | D:3      | Reached skill level 5 in Axes
  1009 | D:3      | Reached XP level 5. HP: 36/48 MP: 4/4
  1009 | D:3      | Reached XP level 6. HP: 42/56 MP: 5/5
  1284 | D:3      | Noticed Ijyb
  1290 | D:3      | Killed Ijyb
  1437 | D:4      | Reached skill level 5 in Armour
  1698 | D:4      | Noticed Menkaure
  1702 | D:4      | Killed Menkaure
  1710 | D:4      | Found a blossoming altar of Fedhas.
  2104 | D:4      | Reached XP level 7. HP: 38/63 MP: 6/6
  2441 | D:5      | Entered Level 5 of the Dungeon
  2441 | D:5      | Noticed Blork the orc
  2448 | D:5      | Killed Blork the orc
  3124 | D:5      | Reached XP level 8. HP: 69/73 MP: 7/7
  3333 | D:5      | Found a glowing silver altar of Zin.
  3726 | D:6      | Reached *** piety under Trog
  5233 | D:7      | Reached XP level 9. HP: 66/82 MP: 8/8
  5499 | D:7      | Found a staircase to the Ecumenical Temple.
  5947 | D:8      | Noticed a two-headed ogre
  5947 | D:8      | Noticed a two-headed ogre
  5948 | D:8      | Noticed a two-headed ogre
  5956 | D:8      | Killed a two-headed ogre
  5956 | D:8      | Reached skill level 10 in Fighting
  5956 | D:8      | Reached skill level 10 in Axes
  5960 | D:8      | Mangled by a two-headed ogre

Vault maps used:
D:1:      dpeg_arrival_long_road, st_stairs_3, minmay_pentomino_p4
D:2:      minitemple, tso_altar
D:3:      uniq_ijyb, uniq_jessica, uniq_grinder
D:4:      overflow_temple_1_default, first_ration, uniq_menkaure
D:5:      nicolae_overflow_hidden_temple, minivault_5, uniq_blork_the_orc
D:6:      dk_noncrumbling_4
D:7:      minmay_temple_entry_glassed_door
D:8:      hangedman_pestilent_swarm, hangedman_feature_mirror,
          hangedman_decor_riveting, st_stairs_1, hangedman_decor_lopped,
          minmay_ruined_shrine

Skill      XL: |  1  2  3  4  5  6  7  8  9 |
---------------+----------------------------+-----
Fighting       | 4 5 6 7 8 10 | 10.0
Axes           | 4 5 6 7 8 10 | 10.1
Armour         | 3 4 5 6 8 9 |  9.7
Dodging        | 3 |  3.0

Action                   |  1- 3 |  4- 6 |  7- 9 || total
-------------------------+-------+-------+-------++-------
Melee: Hand axe          |    38 |       |       ||    38
       Headbutt          |     3 |     7 |    29 ||    39
       War axe           |     6 |    54 |   194 ||   254
       Unarmed           |     2 |       |       ||     2
Invok: Berserk           |     1 |     1 |     6 ||     8
 Stab: Sleeping          |     2 |       |       ||     2
  Eat: Chunk             |       |     3 |    16 ||    19
       Ration            |       |     1 |       ||     1
Armor: Animal skin       |     9 |     8 |    16 ||    33
       Ring mail         |       |       |    10 ||    10
Dodge: Dodged            |    35 |    38 |   120 ||   193

Table legend:
 A = Spawn XP
 B = Non-spawn XP
 C = Spawn XP percentage of total XP
 D = Spawn monster count
 E = Non-spawn monster count
 F = Spawn count percentage of total count
 G = Total turns spent on level
                    A         B        C        D         E        F      G
               +---------+---------+-------+---------+---------+-------+---------
         Total |       0 |    4706 |   0.0 |       0 |     113 |   0.0 |  5960
               +---------+---------+-------+---------+---------+-------+---------
           D:1 |       0 |       8 |   0.0 |       0 |       3 |   0.0 |   101
           D:2 |       0 |      33 |   0.0 |       0 |       6 |   0.0 |   129
           D:3 |       0 |     441 |   0.0 |       0 |      23 |   0.0 |  1202
           D:4 |       0 |     350 |   0.0 |       0 |       8 |   0.0 |  1009
           D:5 |       0 |     792 |   0.0 |       0 |      28 |   0.0 |  1271
           D:6 |       0 |     960 |   0.0 |       0 |      23 |   0.0 |  1369
           D:7 |       0 |     820 |   0.0 |       0 |      18 |   0.0 |   787
           D:8 |       0 |    1302 |   0.0 |       0 |       4 |   0.0 |    92
               +---------+---------+-------+---------+---------+-------+---------
